| TOP OF THE 1ST |
|
Fort Wayne TinCaps batting - Pitching for Hartford Yard Goats : RHP Tsuneyoshi Kubo
|
|
Pitching: RHP Tsuneyoshi Kubo
|
|
|
Batting: RHB Paul Wood
|
0-0: Foul Ball, location: 2F 0-1: Ball 1-1: Ball 2-1: Called Strike 2-2: SOLO HOME RUN (Flyball, 89XD, EV 106.2 MPH), Distance : 401 ft
|
|
Batting: LHB Dean Luttman
|
0-0: Ball 1-0: Ball 2-0: Foul Ball, location: 2F 2-1: Foul Ball, location: 2F 2-2: Ground out U3 (Groundball, 34, EV 101.2 MPH)
|
|
Batting: RHB Jim Miske
|
0-0: Ball 1-0: Swinging Strike 1-1: Ball 2-1: Called Strike 2-2: Ball 3-2: Strikes out swinging
|
|
Batting: RHB Ben Welt
|
0-0: Ball 1-0: Called Strike 1-1: Ball 2-1: Foul Ball, location: 2F 2-2: Strikes out swinging
|
| Top of the 1st over - 1 run, 1 hit, 0 errors, 0 left on base; Fort Wayne 1 - Hartford 0 |
| BOTTOM OF THE 1ST |
|
Hartford Yard Goats batting - Pitching for Fort Wayne TinCaps : RHP Mike Schoening
|
|
Pitching: RHP Mike Schoening
|
|
|
Batting: RHB Doug D'Onofrio
|
0-0: Hit by Pitch
|
|
Batting: RHB Andy Rayer
|
0-0: Called Strike 0-1: Ball 1-1: Ball 2-1: Fly out, F7 (Line Drive, 7S, EV 88.8 MPH)
|
|
Batting: RHB T.J. Williams
|
0-0: Ball 1-0: Swinging Strike 1-1: Ball 2-1: Foul Ball, location: 2F 2-2: Strikes out swinging
|
|
Batting: RHB John Stevenson
|
0-0: Called Strike Doug D'Onofrio steals 2nd base (no throw) 0-1: Ball 1-1: Ball 2-1: Ball 3-1: Called Strike 3-2: Ground out 5-3 (Groundball, 56S, EV 80.0 MPH)
|
| Bottom of the 1st over - 0 runs, 0 hits, 0 errors, 1 left on base; Fort Wayne 1 - Hartford 0 |
| TOP OF THE 2ND |
|
Fort Wayne TinCaps batting - Pitching for Hartford Yard Goats : RHP Tsuneyoshi Kubo
|
|
Batting: RHB Gary Horgan
|
0-0: Ball 1-0: Foul Ball, location: 2F 1-1: Ball 2-1: Called Strike 2-2: Ground out 4-3 (Groundball, 4, EV 91.9 MPH)
|
|
Batting: RHB Dave Cordero
|
0-0: Ball 1-0: Ball 2-0: Ball 3-0: Base on Balls
|
|
Batting: LHB Tony Contreras
|
0-0: Called Strike 0-1: Foul Ball, location: 2F 0-2: Ball 1-2: SINGLE (Groundball, 56S, EV 75.0 MPH) (infield hit) Dave Cordero to second
|
|
Batting: RHB Sung-hwan Jung
|
0-0: Fielders Choice at 2nd, 3-6 (Groundball, 34, EV 103.1 MPH) Dave Cordero to third
|
|
Batting: RHB Slamet Pamungkas
|
0-0: Ball 1-0: Called Strike 1-1: SINGLE (Groundball, 56D, EV 109.4 MPH) Dave Cordero scores Sung-hwan Jung to second
|
|
Batting: RHB Paul Wood
|
0-0: Ball 1-0: Fielders Choice at 2nd, 6-4 (Groundball, 6, EV 78.8 MPH)
|
| Top of the 2nd over - 1 run, 2 hits, 0 errors, 2 left on base; Fort Wayne 2 - Hartford 0 |
| BOTTOM OF THE 2ND |
|
Hartford Yard Goats batting - Pitching for Fort Wayne TinCaps : RHP Mike Schoening
|
|
Batting: SHB Ken Griffey IV
|
0-0: Called Strike 0-1: Ball 1-1: Fly out, F7 (Flyball, 7, EV 85.0 MPH)
|
|
Batting: LHB Harry Folsom
|
0-0: Ball 1-0: Ball 2-0: SINGLE (Line Drive, 4D, EV 96.9 MPH)
|
|
Batting: RHB Bryce Hickman
|
0-0: Ball 1-0: Called Strike 1-1: Fly out, F8 (Flyball, 89M, EV 81.9 MPH)
|
|
Batting: RHB Ray Insley
|
0-0: Ball 1-0: Ball 2-0: Called Strike 2-1: Fielders Choice at 2nd, U4 (Groundball, 6MD, EV 83.8 MPH)
|
| Bottom of the 2nd over - 0 runs, 1 hit, 0 errors, 1 left on base; Fort Wayne 2 - Hartford 0 |
| TOP OF THE 3RD |
|
Fort Wayne TinCaps batting - Pitching for Hartford Yard Goats : RHP Tsuneyoshi Kubo
|
|
Batting: LHB Dean Luttman
|
0-0: Foul Ball, location: 2F 0-1: Ground out U3 (Groundball, 3, EV 83.8 MPH)
|
|
Batting: RHB Jim Miske
|
0-0: Fly out, F3 (Popup, 34, EV 78.1 MPH)
|
|
Batting: RHB Ben Welt
|
0-0: Ball 1-0: Called Strike 1-1: Ball 2-1: Swinging Strike 2-2: SOLO HOME RUN (Flyball, 78XD, EV 104.4 MPH), Distance : 402 ft
|
|
Batting: RHB Gary Horgan
|
0-0: Called Strike 0-1: Ground out 5-3 (Groundball, 5, EV 93.1 MPH)
|
| Top of the 3rd over - 1 run, 1 hit, 0 errors, 0 left on base; Fort Wayne 3 - Hartford 0 |
| BOTTOM OF THE 3RD |
|
Hartford Yard Goats batting - Pitching for Fort Wayne TinCaps : RHP Mike Schoening
|
|
Batting: RHB Dwane Reed
|
0-0: Foul Ball, location: 2F 0-1: Ball 1-1: Ball 2-1: Ball 3-1: Called Strike 3-2: Ground out 6-3 (Groundball, 6, EV 108.8 MPH)
|
|
Batting: RHB Doug D'Onofrio
|
0-0: SINGLE (Groundball, 4MD, EV 101.9 MPH)
|
|
Batting: RHB Andy Rayer
|
0-0: Called Strike 0-1: Called Strike 0-2: Fly out, F8 (Flyball, 89XD, EV 103.8 MPH)
|
|
Batting: RHB T.J. Williams
|
0-0: SINGLE (Line Drive, 4D, EV 98.8 MPH) Doug D'Onofrio to second
|
|
Batting: RHB John Stevenson
|
0-0: Ball 1-0: Called Strike 1-1: Ball Wild Pitch! Doug D'Onofrio to third T.J. Williams to second 2-1: Fly out, F4 (Popup, 34S, EV 78.8 MPH)
|
| Bottom of the 3rd over - 0 runs, 2 hits, 0 errors, 2 left on base; Fort Wayne 3 - Hartford 0 |
| TOP OF THE 4TH |
|
Fort Wayne TinCaps batting - Pitching for Hartford Yard Goats : RHP Tsuneyoshi Kubo
|
|
Batting: RHB Dave Cordero
|
0-0: Ground out 4-3 (Groundball, 34D, EV 110.6 MPH)
|
|
Batting: LHB Tony Contreras
|
0-0: Ground out 5-3 (Groundball, 5, EV 83.1 MPH)
|
|
Batting: RHB Sung-hwan Jung
|
0-0: Ball 1-0: Fly out, F8 (Flyball, 8LM, EV 90.6 MPH)
|
| Top of the 4th over - 0 runs, 0 hits, 0 errors, 0 left on base; Fort Wayne 3 - Hartford 0 |
| BOTTOM OF THE 4TH |
|
Hartford Yard Goats batting - Pitching for Fort Wayne TinCaps : RHP Mike Schoening
|
|
Batting: SHB Ken Griffey IV
|
0-0: Foul Ball, location: 2F 0-1: Ball 1-1: Swinging Strike 1-2: Ball 2-2: Ball 3-2: Base on Balls
|
|
Batting: LHB Harry Folsom
|
0-0: Foul Ball, location: 2F 0-1: Called Strike 0-2: Ball 1-2: Foul Ball, location: 2F 1-2: Fielders Choice at 2nd, 5-4 (Groundball, 56, EV 88.1 MPH)
|
|
Batting: RHB Bryce Hickman
|
0-0: Called Strike 0-1: Ball 1-1: Called Strike 1-2: Ball 2-2: Ball 3-2: Base on Balls Harry Folsom to second
|
|
Batting: RHB Ray Insley
|
0-0: Ball 1-0: Called Strike 1-1: Called Strike 1-2: SINGLE (Groundball, 6MD, EV 95.0 MPH) Harry Folsom to third Bryce Hickman to second Runner from 3rd tries for Home, SAFE, throw by CF to home
|
|
Batting: RHB Dwane Reed
|
0-0: Ball 1-0: Foul Ball, location: 2F 1-1: Ball 2-1: Foul Ball, location: 2F 2-2: Strikes out looking
|
|
Batting: RHB Doug D'Onofrio
|
0-0: Ball 1-0: Called Strike 1-1: Fielders Choice at 2nd, 5-4 (Groundball, 5, EV 111.9 MPH)
|
| Bottom of the 4th over - 1 run, 1 hit, 0 errors, 2 left on base; Fort Wayne 3 - Hartford 1 |
| TOP OF THE 5TH |
|
Fort Wayne TinCaps batting - Pitching for Hartford Yard Goats : RHP Tsuneyoshi Kubo
|
|
Batting: RHB Slamet Pamungkas
|
0-0: SINGLE (Groundball, 23, EV 68.8 MPH) (infield hit)
|
|
Pinch Runner at 1st Devon Dill:
|
|
|
Batting: RHB Paul Wood
|
0-0: Ball 1-0: Ball 2-0: Ball 3-0: Called Strike 3-1: Base on Balls Devon Dill to second
|
|
Batting: LHB Dean Luttman
|
0-0: Ball 1-0: Foul Ball, location: 2F 1-1: Ball 2-1: Ball 3-1: Foul Ball, location: 2F 3-2: Base on Balls Devon Dill to third Paul Wood to second
|
|
Batting: RHB Jim Miske
|
0-0: Ball 1-0: Ball 2-0: Ball 3-0: Called Strike 3-1: Base on Balls Devon Dill scores Paul Wood to third Dean Luttman to second
|
|
Batting: RHB Ben Welt
|
0-0: Swinging Strike 0-1: Ball 1-1: Ball 2-1: Ball 3-1: Called Strike 3-2: SINGLE (Line Drive, 8RS, EV 100.0 MPH) Paul Wood scores Dean Luttman to third Jim Miske to second
|
|
Pitching: RHP Jonathan Alldritt
|
|
|
Batting: RHB Gary Horgan
|
0-0: Foul Ball, location: 2F 0-1: Foul Ball, location: 2F 0-2: Foul Ball, location: 2F 0-2: Ball 1-2: Ball 2-2: Foul Ball, location: 2F 2-2: Foul Ball, location: 2F Balk! Dean Luttman scores Jim Miske to third Ben Welt to second 2-2: Foul Ball, location: 2F 2-2: Foul Ball, location: 2F 2-2: 3-RUN HOME RUN (Line Drive, 7LD, EV 93.1 MPH), Distance : 345 ft
|
|
Batting: RHB Dave Cordero
|
0-0: Ball 1-0: Foul Ball, location: 2F 1-1: SINGLE (Groundball, 56D, EV 95.0 MPH)
|
|
Batting: LHB Tony Contreras
|
0-0: Ball 1-0: Ball 2-0: Ball 3-0: Base on Balls Dave Cordero to second
|
|
Batting: RHB Sung-hwan Jung
|
0-0: Called Strike 0-1: Fly out, F5 (Popup, 5SF, EV 66.2 MPH)
|
|
Batting: RHB Devon Dill
|
0-0: Ball 1-0: Swinging Strike 1-1: Called Strike 1-2: Ball 2-2: Foul Ball, location: 2F 2-2: Ball 3-2: Foul Ball, location: 2F 3-2: Fly out, F9 (Flyball, 89M, EV 83.8 MPH)
|
|
Batting: RHB Paul Wood
|
0-0: Called Strike 0-1: Foul Ball, location: 2F 0-2: Ball 1-2: Fly out, F5 (Flyball, 56D, EV 90.6 MPH)
|
| Top of the 5th over - 6 runs, 4 hits, 0 errors, 2 left on base; Fort Wayne 9 - Hartford 1 |
| BOTTOM OF THE 5TH |
|
Hartford Yard Goats batting - Pitching for Fort Wayne TinCaps : RHP Mike Schoening
|
|
Now at SS: Devon Dill
|
|
|
Batting: RHB Andy Rayer
|
0-0: Swinging Strike 0-1: Ball 1-1: Swinging Strike 1-2: Ball 2-2: Ball 3-2: Ground out 4-3 (Groundball, 4, EV 85.0 MPH)
|
|
Batting: RHB T.J. Williams
|
0-0: Foul Ball, location: 2F 0-1: Ball 1-1: Called Strike 1-2: Ball 2-2: Ball 3-2: Ground out 4-3 (Groundball, 4D, EV 105.0 MPH)
|
|
Batting: RHB John Stevenson
|
0-0: Swinging Strike 0-1: Ground out 5-3 (Groundball, 56, EV 90.6 MPH)
|
| Bottom of the 5th over - 0 runs, 0 hits, 0 errors, 0 left on base; Fort Wayne 9 - Hartford 1 |
| TOP OF THE 6TH |
|
Fort Wayne TinCaps batting - Pitching for Hartford Yard Goats : RHP Jonathan Alldritt
|
|
Batting: LHB Dean Luttman
|
0-0: Called Strike 0-1: Ball 1-1: Called Strike 1-2: Strikes out swinging
|
|
Batting: RHB Jim Miske
|
0-0: Ground out 6-3 (Groundball, 6, EV 86.9 MPH)
|
|
Batting: RHB Ben Welt
|
0-0: Called Strike 0-1: Ball 1-1: Swinging Strike 1-2: Ball 2-2: Strikes out swinging
|
| Top of the 6th over - 0 runs, 0 hits, 0 errors, 0 left on base; Fort Wayne 9 - Hartford 1 |
| BOTTOM OF THE 6TH |
|
Hartford Yard Goats batting - Pitching for Fort Wayne TinCaps : RHP Mike Schoening
|
|
Batting: SHB Ken Griffey IV
|
0-0: Foul Ball, location: 2F 0-1: Swinging Strike 0-2: Strikes out swinging
|
|
Batting: LHB Harry Folsom
|
0-0: Ball 1-0: Ball 2-0: Swinging Strike 2-1: Foul Ball, location: 2F 2-2: Foul Ball, location: 2F 2-2: Ball 3-2: Strikes out swinging
|
|
Batting: RHB Bryce Hickman
|
0-0: Called Strike 0-1: Called Strike 0-2: Ball 1-2: Ball 2-2: Foul Ball, location: 2F 2-2: Foul Ball, location: 2F 2-2: Strikes out swinging
|
| Bottom of the 6th over - 0 runs, 0 hits, 0 errors, 0 left on base; Fort Wayne 9 - Hartford 1 |
| TOP OF THE 7TH |
|
Fort Wayne TinCaps batting - Pitching for Hartford Yard Goats : RHP Jonathan Alldritt
|
|
Pitching: RHP Ryan Squire
|
|
|
Batting: RHB Gary Horgan
|
0-0: Ball 1-0: Ball 2-0: Ball 3-0: Base on Balls
|
|
Batting: RHB Dave Cordero
|
0-0: Ball 1-0: Fielders Choice at 2nd, 5-4 (Groundball, 5D, EV 84.4 MPH)
|
|
Batting: LHB Tony Contreras
|
0-0: Ball 1-0: Foul Ball, location: 2F 1-1: Swinging Strike 1-2: Foul Ball, location: 2F 1-2: Strikes out swinging
|
|
Batting: RHB Sung-hwan Jung
|
0-0: Ball 1-0: Ground out 5-3 (Groundball, 56S, EV 85.0 MPH)
|
| Top of the 7th over - 0 runs, 0 hits, 0 errors, 1 left on base; Fort Wayne 9 - Hartford 1 |
| BOTTOM OF THE 7TH |
|
Hartford Yard Goats batting - Pitching for Fort Wayne TinCaps : RHP Mike Schoening
|
|
Batting: RHB Ray Insley
|
0-0: SINGLE (Groundball, 6D, EV 96.9 MPH)
|
|
Batting: RHB Dwane Reed
|
0-0: Called Strike Ray Insley steals 2nd base (no throw) 0-1: Ball 1-1: Ground out 4-3 (Groundball, 4, EV 80.6 MPH) Ray Insley to third
|
|
Pitching: RHP Jason Inman
|
|
|
Batting: RHB Doug D'Onofrio
|
0-0: Called Strike 0-1: Fly out, F9 (Flyball, 9, EV 90.6 MPH) Runner from 3rd tags up, SCORES, no throw by RF
|
|
Batting: RHB Andy Rayer
|
0-0: Fly out, F9 (Flyball, 89M, EV 71.9 MPH)
|
| Bottom of the 7th over - 1 run, 1 hit, 0 errors, 0 left on base; Fort Wayne 9 - Hartford 2 |
| TOP OF THE 8TH |
|
Fort Wayne TinCaps batting - Pitching for Hartford Yard Goats : RHP Ryan Squire
|
|
Pinch Hitting: RHB Cesar Ortega
|
0-0: Swinging Strike 0-1: Called Strike 0-2: Foul Ball, location: 2F 0-2: Ball 1-2: Strikes out swinging
|
|
Batting: RHB Paul Wood
|
0-0: Foul Ball, location: 2F 0-1: Foul Ball, location: 2F 0-2: Foul Ball, location: 2F 0-2: Ball 1-2: Foul Ball, location: 2F 1-2: Ball 2-2: Strikes out swinging
|
|
Batting: LHB Dean Luttman
|
0-0: Ball 1-0: Ball 2-0: Ball 3-0: Called Strike 3-1: Foul Ball, location: 2F 3-2: Base on Balls
|
|
Pitching: RHP Jerry Dunne
|
|
|
Batting: RHB Jim Miske
|
0-0: Ball 1-0: Called Strike 1-1: Ball 2-1: Ball 3-1: Base on Balls Dean Luttman to second
|
|
Batting: RHB Ben Welt
|
0-0: Called Strike 0-1: Hit by Pitch Dean Luttman to third Jim Miske to second
|
|
Batting: RHB Gary Horgan
|
0-0: Foul Ball, location: 2F 0-1: Foul Ball, location: 2F 0-2: Fielders Choice at 2nd, 6-4 (Groundball, 6, EV 83.8 MPH)
|
| Top of the 8th over - 0 runs, 0 hits, 0 errors, 3 left on base; Fort Wayne 9 - Hartford 2 |
| BOTTOM OF THE 8TH |
|
Hartford Yard Goats batting - Pitching for Fort Wayne TinCaps : RHP Jason Inman
|
|
Now at 2B: Cesar Ortega
|
|
|
Now at SS: Dave Cordero
|
|
|
Batting: RHB T.J. Williams
|
0-0: Ball 1-0: Ball 2-0: Foul Ball, location: 2F 2-1: Ball 3-1: Foul Ball, location: 2F 3-2: Strikes out looking
|
|
Batting: RHB John Stevenson
|
0-0: Ball 1-0: Ground out 6-3 (Groundball, 6M, EV 86.2 MPH)
|
|
Pinch Hitting: RHB Chris Osting
|
0-0: SINGLE (Groundball, 6D, EV 102.5 MPH)
|
|
Batting: LHB Harry Folsom
|
0-0: Ball 1-0: Foul Ball, location: 2F 1-1: Called Strike 1-2: Ball 2-2: SINGLE (Line Drive, 89S, EV 100.6 MPH) Chris Osting to second Runner from 2nd tries for 3rd, SAFE, throw by RF made to third
|
|
Batting: RHB Bryce Hickman
|
0-0: Called Strike 0-1: Swinging Strike 0-2: Strikes out swinging
|
| Bottom of the 8th over - 0 runs, 2 hits, 0 errors, 2 left on base; Fort Wayne 9 - Hartford 2 |
| TOP OF THE 9TH |
|
Fort Wayne TinCaps batting - Pitching for Hartford Yard Goats : RHP Jerry Dunne
|
|
Now in LF: Chris Osting
|
|
|
Batting: RHB Dave Cordero
|
0-0: Ball 1-0: Ground out 5-3 (Groundball, 56, EV 106.2 MPH)
|
|
Batting: LHB Tony Contreras
|
0-0: Fly out, F7 (Line Drive, 7D, EV 90.0 MPH)
|
|
Batting: RHB Sung-hwan Jung
|
0-0: DOUBLE (Line Drive, 3D, EV 98.1 MPH)
|
|
Batting: RHB Cesar Ortega
|
0-0: Ball 1-0: Ground out 4-3 (Groundball, 4M, EV 89.4 MPH)
|
| Top of the 9th over - 0 runs, 1 hit, 0 errors, 1 left on base; Fort Wayne 9 - Hartford 2 |
| BOTTOM OF THE 9TH |
|
Hartford Yard Goats batting - Pitching for Fort Wayne TinCaps : RHP Jason Inman
|
|
Batting: RHB Ray Insley
|
0-0: Called Strike 0-1: Swinging Strike 0-2: Ball 1-2: SINGLE (Line Drive, 8RS, EV 85.0 MPH)
|
|
Batting: RHB Dwane Reed
|
0-0: Called Strike 0-1: TRIPLE (Groundball, 3L, EV 101.2 MPH) Ray Insley scores
|
|
Pitching: RHP Wayne Kerrick
|
|
|
Batting: RHB Doug D'Onofrio
|
0-0: Called Strike 0-1: Called Strike 0-2: Ball 1-2: Fly out, F7 (Flyball, 7S, EV 76.9 MPH)
|
|
Batting: RHB Andy Rayer
|
0-0: Swinging Strike 0-1: Fly out, F8 (Flyball, 8LXD, EV 98.8 MPH) Runner from 3rd tags up, SCORES, no throw by CF
|
|
Batting: RHB T.J. Williams
|
0-0: Called Strike 0-1: Fly out, F4 (Popup, 3D, EV 48.8 MPH)
|
| Bottom of the 9th over - 2 runs, 2 hits, 0 errors, 0 left on base; Fort Wayne 9 - Hartford 4 |
|